 Dungeon Crawl Stone Soup version 0.30.1-3-gfc49f6343a (webtiles) character file.

Game seed: 1464835115359513357

376 Kairakan the Ducker (level 7, -2/53 HPs)
             Began as a Human Gladiator on July 28, 2023.
             Slain by a sky beast (6 damage)
             ... on level 4 of the Dungeon.
             The game lasted 00:09:39 (3794 turns).

Kairakan the Ducker (Human Gladiator)               Turns: 3794, Time: 00:09:39

Health: -2/53      AC:  7    Str: 17    XL:     7   Next: 3%
Magic:  7/7        EV: 13    Int:  8    God:
Gold:   157        SH:  0    Dex: 26    Spells: 6/6 levels left

rFire   . . .        a - +0 trident
rCold   . . .        (no shield)
rNeg    . . .        t - +0 scale mail
rPois   .            c - +0 helmet
rElec   .            (no cloak)
rCorr   .            (no gloves)
SInv    .            (no boots)
Will    .....        (no amulet)
Stlth   +            i - +6 ring of dexterity
HPRegen 0.28/turn    n - +6 ring of dexterity
MPRegen 0.10/turn

%: no passive effects
@: no status effects
A: no striking features
a: no special abilities


You were on level 4 of the Dungeon.
You visited 1 branch of the dungeon, and saw 4 of its levels.

You collected 157 gold pieces.

Inventory:

Hand Weapons
 a - a +0 trident (weapon)
Missiles
 d - 2 throwing nets (quivered)
 e - a javelin
 g - 5 curare-tipped darts
 l - 2 atropa-tipped darts
 s - 4 poisoned darts
Armour
 b - a +0 leather armour
 c - a +0 helmet (worn)
 t - a +0 scale mail (worn)
Jewellery
 i - a +6 ring of dexterity (left hand)
 n - a +6 ring of dexterity (right hand)
Scrolls
 f - 2 scrolls of magic mapping {unknown}
 j - a scroll of immolation {unknown}
 k - 2 scrolls of identify {unknown}
 p - 2 scrolls of poison {unknown}
 r - a scroll of blinking {unknown}
 u - a scroll of enchant weapon {unknown}
 v - a scroll of noise {unknown}
 y - a scroll of brand weapon {unknown}
 z - a scroll of acquirement {unknown}
 A - a scroll of enchant armour {unknown}
Potions
 h - 2 potions of brilliance {unknown}
 m - 3 potions of might {unknown}
 o - a potion of degeneration {unknown}
 q - 3 potions of magic {unknown}
 w - a potion of invisibility {unknown}
 x - a potion of haste {unknown}


   Skills:
 + Level 3.7 Fighting
 + Level 4.4 Polearms
 - Level 2.0 Throwing
 + Level 2.9 Armour
 + Level 4.6 Dodging


You had 6 spell levels left.
You didn't know any spells.
Your spell library contained the following spells:

 Spells                   Type           Power      Damage    Failure   Level
 Ignite Poison            Fire/Tmut/Pois 0%         N/A       99%         3
 Sticky Flame             Conj/Fire      0%         2d3       100%        4
 Plasma Beam              Fire/Air       0%         2x1d11    100%        6


Dungeon Overview and Level Annotations

Branches:
Dungeon (4/15)
 Temple: D:4-7

Altars:
Nemelex Xobeh
Xom

Annotations:
D:3 2 transporters, Anriel's ghost, amateur DECj


Message History

You hit the sky beast but do no damage.
The sky beast is heavily wounded.
The sky beast flickers out of sight!
Deactivating autopickup; reactivate with Ctrl-A.
Something hits you but does no damage.
No target in view!
No target in view!
A sky beast appears from thin air!
Reactivating autopickup.
You closely miss the sky beast.
The sky beast is heavily wounded.
The sky beast hits you but does no damage.
You hit the sky beast.
The sky beast is heavily wounded.
The sky beast misses you.
You miss the sky beast.
The sky beast is heavily wounded.
The sky beast barely misses you.
You hit the sky beast.
The sky beast is severely wounded.
The sky beast hits you. The sky beast shocks you.
You puncture the sky beast!
The sky beast is almost dead.
The sky beast hits you. The sky beast shocks you.
You hit the sky beast.
The sky beast is almost dead.
The sky beast flickers out of sight!
Deactivating autopickup; reactivate with Ctrl-A.
Something hits you. Something shocks you.
You are too injured to fight recklessly!
Something hits you. Something shocks you.
* * * LOW HITPOINT WARNING * * *
Something hits you.
* * * LOW HITPOINT WARNING * * *
Something shocks you.
* * * LOW HITPOINT WARNING * * *
Something hits you.
* * * LOW HITPOINT WARNING * * *
Something shocks you.
You die...

......## ##.##..#######
## ##.....#
#....#......### #######
####.#..).....##
###..#.#..)......#
#.'..#.#..........
#.####.#..........
#)#....#..........
#.#.####.......... #
###@................ ##
###....#..............
.#
###....###..............
.# ###....###
##...<.......## ##
###........##
#..........## #
###....#......#
#..(......##
####.....#.......#
#......#.##
#......###.......#
########.# .....###
#....(..#


There were no monsters in sight!

Vanquished Creatures
  A hound (D:4)
  2 orc priests (D:3)
  Jessica (D:2)
  2 iguanas
  A sleepcap (D:4)
  2 orc wizards (D:3)
  2 adders (D:3)
  An ufetubus (D:4)
  3 dart slugs
  13 orcs
  6 endoplasms
  5 giant cockroaches
  11 goblins
  9 hobgoblins
  6 jackals (D:1)
  4 quokkas
  8 bats
  7 frilled lizards
  7 kobolds
  4 rats (D:3)
95 creatures vanquished.

Notes
Turn   | Place    | Note
-------+----------+-------------------------------------------
     0 | D:1      | Kairakan the Human Gladiator began the quest for the Orb.
     0 | D:1      | Reached XP level 1. HP: 16/16 MP: 1/1
   206 | D:1      | Reached XP level 2. HP: 19/22 MP: 2/2
   486 | D:1      | Reached XP level 3. HP: 24/27 MP: 3/3
   931 | D:1      | Reached skill level 1 in Armour
  1257 | D:2      | You fall into a shaft and drop 1 floor!
  1382 | D:2      | Noticed Jessica
  1401 | D:2      | Killed Jessica
  1402 | D:2      | Reached XP level 4. HP: 33/34 MP: 4/4
  1586 | D:2      | Found a sparkling altar of Nemelex Xobeh.
  2344 | D:3      | Found a shimmering altar of Xom.
  2376 | D:3      | Reached XP level 5. HP: 25/40 MP: 5/5
  2553 | D:3      | Found a sparkling altar of Nemelex Xobeh.
  2642 | D:3      | Reached XP level 6. HP: 33/47 MP: 6/6
  2752 | D:3      | Found a transporter.
  2755 | D:3      | Noticed an ogre
  2755 | D:3      | Noticed Anriel's ghost (amateur DECj)
  2761 | D:3      | Identified the +10 great mace of Subjectivity {heavy, rElec
                  | rF- rN+++ Will- rCorr}
  2761 | D:3      | Noticed an ogre
  2774 | D:3      | Found a transporter.
  2870 | D:3      | Got the Monograph on Incineration
  3613 | D:4      | Reached XP level 7. HP: 45/53 MP: 7/7
  3794 | D:4      | Slain by a sky beast

Illustrated notes

Levels and vault maps discovered:
D:1:      ncdulo_watergridlock, layout_basic
D:2:      layout_rooms, basic_altar, kennysheep_minor_cross, uniq_jessica
D:3:      layout_rooms, nemelex_diamond_rough_becter, lemuel_tele_altar,
          gammafunk_ghost_smash
D:4:      layout_cave_pods, corexii_checkpoint_b

Skill      XL: |  1  2  3  4  5 |
---------------+----------------+-----
Armour         | 1 2 |  2.9
Dodging        | 4 |  4.6
Fighting       | 3 |  3.7
Polearms       | 4 |  4.4
Throwing       | |  2.0

Action                     |  1- 3 |  4- 6 |  7- 9 || total
---------------------------+-------+-------+-------++-------
  Melee: Trident           |   136 |   171 |    23 ||   330
         Punch             |       |     3 |       ||     3
  Throw: Throwing net      |     1 |       |       ||     1
   Stab: Sleeping          |     1 |     2 |       ||     3
 Armour: Leather armour    |    41 |     2 |       ||    43
         Scale mail        |       |    39 |     7 ||    46
  Dodge: Dodged            |    84 |    74 |    12 ||   170
